 Dungeon Crawl Stone Soup version 0.24-a0-335-g06ca16a (webtiles) character file.

Game seed: 9894435448181046429

227 mhoghedin the Skirmisher (level 5, -6/43 HPs)
             Began as a Mummy Monk on May 18, 2019.
             Killed from afar by an orc wizard (8 damage)
             ... with a magic dart
             ... on level 4 of the Dungeon.
             The game lasted 00:03:14 (2763 turns).

mhoghedin the Skirmisher (Mummy Monk)               Turns: 2763, Time: 00:03:15

Health: -6/43      AC:  3    Str: 15    XL:     5   Next: 70%
Magic:  14/14      EV: 13    Int: 10    God:
Gold:   159        SH:  0    Dex: 10    Spells: 4/4 levels left

rFire    x . .     SeeInvis .   e - +2 dagger (venom)
rCold    + . .     Gourm    .   (no shield)
rNeg     + + +     Faith    .   b - +0 robe
rPois    ∞         Spirit   .   (no helmet)
rElec    .         Reflect  .   (no cloak)
rCorr    .         Harm     .   (no gloves)
MR       .....                  h - +0 pair of boots
Stlth    ++........             (no amulet)
HPRegen  0.14/turn              k - ring of magical power {MP+9}
MPRegen  0.14/turn              p - -4 ring of dexterity (curse)

@: no status effects
A: no food or potions, fire vulnerability, cold resistance 1, negative energy
resistance 3, torment resistance, unbreathing
a: no special abilities


You were on level 4 of the Dungeon.
You were not hungry.

You visited 1 branch of the dungeon, and saw 4 of its levels.

You collected 159 gold pieces.

Inventory:

Hand Weapons
 a - a +0 hand axe
 e - a +2 dagger of venom (weapon)
   (You took it off a goblin on level 1 of the Dungeon)
Armour
 b - a +0 robe (worn)
 h - a +0 pair of boots (worn)
   (You found it on level 1 of the Dungeon)
Jewellery
 k - a ring of magical power (left hand) {MP+9}
   (You found it on level 2 of the Dungeon)
 o - an uncursed ring of magical power {MP+9}
   (You found it on level 3 of the Dungeon)
 p - a cursed -4 ring of dexterity (right hand)
   (You found it on level 3 of the Dungeon)
Scrolls
 c - a scroll of fear
 d - 2 scrolls of identify
 g - 3 scrolls of remove curse
 i - a scroll of immolation {unknown}
 j - 2 scrolls of enchant armour {unknown}
 l - 3 scrolls of teleportation
 m - a scroll of amnesia {unknown}
 n - a scroll of noise {unknown}


   Skills:
 + Level 4.6 Fighting
 - Level 3.0 Axes
 - Level 1.0 Armour
 + Level 3.8 Dodging
 - Level 1.5 Stealth


You had 4 spell levels left.
You didn't know any spells.
Your spell library was empty.

Dungeon Overview and Level Annotations

Branches:
Dungeon (4/15)
 Temple: D:4-7

Altars:
Ashenzari
Cheibriados

Annotations:
D:4 Grinder, Sigmund


Innate Abilities, Weirdness & Mutations

You do not eat or drink.
Your flesh is vulnerable to fire.
You are immune to poison.
Your flesh is cold resistant. (rC+)
You are immune to negative energy. (rN+++)
You are immune to unholy pain and torment.
You can survive without breathing.


Message History

You start resting.
An orc comes into view.
An orc is nearby!
Health restored: 43 A howler monkey comes into view.
The orc shouts!
An orc wizard comes into view. It is wielding a +0 dagger.
The howler monkey closely misses you.
You closely miss the howler monkey. The howler monkey closely misses you.
You barely miss the howler monkey.
The howler monkey hoots and howls with incredible vigour!
The howler monkey hits you.
You hear an angry hiss.
You hear a shout! x7; You hear an angry hiss.
You hear a shout!
You take 2 damage, and have 41/43 hp.
You hit the howler monkey.
The howler monkey is poisoned.
The orc closely misses you. The howler monkey closely misses you.
You hit the howler monkey.
The howler monkey looks as sick as possible!
The orc hits you but does no damage.
The howler monkey hoots and howls with incredible vigour!
You closely miss the howler monkey. The orc hits you but does no damage.
The howler monkey barely misses you.
A frilled lizard comes into view.
You hit the howler monkey but do no damage.
The howler monkey looks as sick as possible!
The orc misses you. The howler monkey hits you.
You take 6 damage, and have 36/43 hp.
You hit the howler monkey.
The howler monkey looks as sick as possible!
The howler monkey hoots and howls with incredible vigour!
The orc hits you.
An orc priest comes into view. It is wielding a +0 hand axe.
The howler monkey hits you.
You take 4 damage, and have 32/43 hp.
You closely miss the howler monkey.
You kill the howler monkey!
The orc misses you.
Sigmund the Dreaded comes into view.
He is wielding a +0 scythe.
You hit the orc. The orc hits you.
The orc priest mumbles some strange prayers to Beogh against you.
Beogh smites you!
You take 12 damage, and have 20/43 hp.
MASSIVE DAMAGE!!
You hit the orc.
The orc is poisoned.
You kill the orc!
An orc comes into view.
The orc wizard points at you and mumbles some strange words.
The magic dart hits you.
You take 6 damage, and have 14/43 hp.
You hit the orc wizard.
The orc wizard is poisoned.
The orc priest looks braver for a moment.
The orc wizard casts a spell at you. You resist with some effort.
You hit the orc wizard but do no damage.
The orc wizard looks even sicker.
Grinder comes into view.
The orc priest barely misses you.
The orc wizard hits you but does no damage.
As you read the scroll labeled SEEBIBECIA, it crumbles to dust.
You feel blessed for a moment.
It was a scroll of remove curse.
The orc priest begins to cast a cantrip, but forgets the words!
The orc wizard barely misses you.
As you read the scroll labeled PUMI OF CABOTA, it crumbles to dust.
You assume a fearsome visage.
Grinder is unaffected.
Sigmund looks frightened!
The frilled lizard looks frightened!
The orc wizard looks frightened!
The orc looks frightened!
The orc priest looks frightened!
It was a scroll of fear.
Sigmund casts a spell.
Sigmund flickers and vanishes!
Deactivating autopickup; reactivate with Ctrl-A.
A quokka comes into view.
The orc wizard mumbles some strange words.
The orc wizard flickers and vanishes!
You hit something.
An orc priest comes into view.
Grinder hits you.
* * * LOW HITPOINT WARNING * * *
Something hits you but does no damage.
You see here an orc corpse.
You take 6 damage, and have 9/43 hp.
You feel clumsy.
Oops, that ring feels deathly cold.
p - a cursed -4 ring of dexterity (right hand) Grinder gestures at you.
You resist with some effort.
As you read the scroll labeled TUCSOU UGGID, it crumbles to dust.
The scroll dissolves into smoke.
It was a scroll of fog.
Something hits you but does no damage. Grinder hits you.
* * * LOW HITPOINT WARNING * * *
You take 5 damage, and have 4/43 hp.
As you read the scroll labeled DUYCZE EPTUE, it crumbles to dust.
It is a scroll of identify.
l - 3 scrolls of teleportation The orc priest hits you.
* * * LOW HITPOINT WARNING * * *
You hear some strange, mumbled words.
A magic dart appears from out of thin air!
The magic dart hits you!
You die...

.........####.#
#.#.#........#
#.......########.#
#.##...........#.#
#..#.#.(######.#.#
#.####.#..l#.# #.#.#
#......##.##.# #.#.#
###..####{§.##.# #.#.#
.r{.o.§§@5####.######<#.#
###..####o# #.##........
# #§# #.##.###.#.# #.#
......... ... #.####..#
#.. #... #.## #.## .# #.#
#.


You could see Grinder and an orc priest.

Vanquished Creatures
  A howler monkey (D:4)
  An orc wizard (D:4)
  A worker ant (D:4)
  4 gnolls (D:3)
  4 adders
  A worm (D:3)
  A dart slug (D:3)
  A leopard gecko (D:1)
  4 orcs (D:4)
  3 ball pythons
  4 giant cockroaches
  11 hobgoblins
  4 kobolds
  7 bats
  5 frilled lizards
  5 goblins
  10 rats
67 creatures vanquished.

Notes
Turn   | Place    | Note
-------+----------+-------------------------------------------
     0 | D:1      | mhoghedin the Mummy Monk began the quest for the Orb.
     0 | D:1      | Reached XP level 1. HP: 18/18 MP: 1/1
   222 | D:1      | Reached skill level 3 in Axes
   222 | D:1      | Reached XP level 2. HP: 24/24 MP: 2/2
   672 | D:1      | Reached XP level 3. HP: 28/29 MP: 3/3
   998 | D:2      | Reached skill level 1 in Armour
  1149 | D:2      | You fall through a shaft!
  1222 | D:3      | Found a snail-covered altar of Cheibriados.
  1486 | D:3      | Reached XP level 4. HP: 28/35 MP: 4/4
  1511 | D:3      | Reached skill level 3 in Dodging
  2046 | D:3      | Reached skill level 4 in Fighting
  2055 | D:3      | Found a shattered altar of Ashenzari.
  2580 | D:4      | Reached XP level 5. HP: 42/42 MP: 5/5
  2752 | D:4      | Noticed Sigmund
  2756 | D:4      | Noticed Grinder
  2760 | D:4      | HP: 9/43 [Grinder (6)]
  2762 | D:4      | HP: 4/43 [Grinder (5)]
  2763 | D:4      | Killed from afar by an orc wizard

Levels and vault maps discovered:
D:1:      wheals_arrival_shading, layout_loops_ring
D:2:      minmay_door_path, layout_basic
D:3:      layout_basic, kennysheep_slug_shrine, nicolae_ashenzari_panopticon
D:4:      layout_loops_ring, nicolae_dithmenos_shadow_blocks,
          gammafunk_ghost_icy, uniq_grinder, uniq_sigmund

Skill      XL: |  1  2  3  4 |
---------------+-------------+-----
Axes           | 3 |  3.0
Armour         | 1 |  1.0
Dodging        | 3 |  3.8
Fighting       | 4 |  4.6
Stealth        | |  1.5

Action                   |  1- 3 |  4- 6 || total
-------------------------+-------+-------++-------
Melee: Hand axe          |    11 |       ||    11
       Dagger            |    97 |    70 ||   167
  Use: Scroll            |       |     4 ||     4
 Stab: Sleeping          |     7 |     4 ||    11
Armor: Robe              |     6 |    10 ||    16
Dodge: Dodged            |    50 |    64 ||   114

Table legend:
 A = Non-vault XP
 B = Vault XP
 C = Vault XP percentage of total XP
 D = Non-vault monster count
 E = Vault monster count
 F = Vault count percentage of total count
                 A         B        C        D         E       F
            +---------+---------+-------+---------+---------+-------
      Total |     321 |       4 |   1.2 |      66 |       1 |   1.5
            +---------+---------+-------+---------+---------+-------
        D:1 |      42 |       0 |   0.0 |      27 |       0 |   0.0
        D:2 |      43 |       0 |   0.0 |      12 |       0 |   0.0
        D:3 |     102 |       4 |   3.8 |      19 |       1 |   5.0
        D:4 |     134 |       0 |   0.0 |       8 |       0 |   0.0
            +---------+---------+-------+---------+---------+-------

Levels and vault maps discovered:
D:1:      wheals_arrival_shading, layout_loops_ring
D:2:      minmay_door_path, layout_basic
D:3:      layout_basic, kennysheep_slug_shrine, nicolae_ashenzari_panopticon
D:4:      layout_loops_ring, nicolae_dithmenos_shadow_blocks,
          gammafunk_ghost_icy, uniq_grinder, uniq_sigmund

Table legend:
 A = Turns spent in this place as a percentage of turns spent in the entire game.
 B = Non-inter-level travel turns spent in this place as a percentage of non-inter-level travel turns spent in the entire game.
 C = Inter-level travel turns spent in this place as a percentage of turns spent in this place.
 D = Turns resting spent in this place as a percentage of non-inter-level travel turns spent in this place.
 E = Turns spent auto-exploring this place as a percentage of non-inter-level travel turns spent in this place.
 F = Non-inter-level travel turns spent in this place divided by the number of levels of this place that you've seen.
                   A       B       C       D       E      F
               +-------+-------+-------+-------+-------+----------------------
         Total | 100.0 | 100.0 |   1.0 |  36.3 |  44.9 | 683.8
       Dungeon | 100.0 | 100.0 |   1.0 |  36.3 |  44.9 | 683.8
               +-------+-------+-------+-------+-------+----------------------

Table legend:
 A = Kills in this place as a percentage of kills in entire the game.
 B = Kills by you in this place as a percentage of kills by you in the entire game.
 C = Kills by friends in this place as a percentage of kills by friends in the entire game.
 D = Other kills in this place as a percentage of other kills in the entire game.
 E = Experience gained in this place as a percentage of experience gained in the entire game.
 F = Experience gained in this place divided by the number of levels of this place that you have seen.
                   A       B       C       D       E      F
               +-------+-------+-------+-------+-------+----------------------
         Total | 100.0 | 100.0 |   N/A |   N/A | 100.0 |  81.2
       Dungeon | 100.0 | 100.0 |   N/A |   N/A | 100.0 |  81.2
               +-------+-------+-------+-------+-------+----------------------
